 Dungeon Crawl Stone Soup version 0.25.1-8-g42b30a86e7 (webtiles) character file.

Game seed: 769365740377678578

4231 pokeman the Thaumaturge (level 10, -5/56 HPs)
             Began as a Deep Elf Wizard on Dec 8, 2020.
             Was a Believer of Vehumet.
             Slain by Harold
             ... wielding a +0 dire flail of protection
              (12 damage)
             ... on level 7 of the Dungeon.
             The game lasted 00:24:36 (9855 turns).

pokeman the Thaumaturge (Deep Elf Wizard)           Turns: 9855, Time: 00:24:37

Health: -5/56      AC:  9    Str:  4    XL:     10   Next: 9%
Magic:  15/28      EV: 13    Int: 27    God:    Vehumet [**....]
Gold:   327        SH:  0    Dex: 13    Spells: 21/34 levels left

rFire    . . .     SeeInvis .   m - +1 dagger (venom)
rCold    . . .     Gourm    .   (no shield)
rNeg     . . .     Faith    .   C - +0 steam dragon scales
rPois    .         Spirit   .   L - +2 helmet
rElec    .         Reflect  .   j - +0 cloak
rCorr    .         Harm     .   (no gloves)
MR       ++...                  (no boots)
Stlth    ..........             (no amulet)
HPRegen  0.18/turn              e - ring of attention (curse)
MPRegen  0.21/turn              M - ring of protection from magic

@: confused, very slightly contaminated
A: no striking features
a: Renounce Religion


You were on level 7 of the Dungeon.
You worshipped Vehumet.
Vehumet was pleased with you.
You were not hungry.

You visited 2 branches of the dungeon, and saw 8 of its levels.

You collected 327 gold pieces.

Inventory:

Hand Weapons
 b - a +2 quarterstaff of chaos
 m - a +1 dagger of venom (weapon)
 n - a +0 dagger of electrocution
 v - a +0 shortbow
Missiles
 f - 35 bolts
 w - 156 arrows
Armour
 j - a +0 cloak (worn)
 C - +0 steam dragon scales (worn)
 L - a +2 helmet (worn)
Jewellery
 a - an uncursed ring of ice
 e - a cursed ring of attention (left hand)
 y - a +6 ring of strength
 K - a +6 ring of strength
 M - a ring of protection from magic (right hand)
Wands
 F - a wand of polymorph (12)
 H - a wand of flame (22)
 J - a wand of acid (10)
Scrolls
 c - 14 scrolls of identify {unknown}
 i - a scroll of random uselessness {unknown}
 o - a scroll of magic mapping {unknown}
 p - 3 scrolls of fog {unknown}
 q - 2 scrolls of enchant armour {unknown}
 t - a scroll of acquirement {unknown}
 z - 2 scrolls of blinking {unknown}
 A - 4 scrolls of enchant weapon {unknown}
 B - 2 scrolls of teleportation {unknown}
 D - 3 scrolls of remove curse {unknown}
 E - 2 scrolls of fear {unknown}
 G - 3 scrolls of immolation {unknown}
Potions
 g - 5 potions of curing {unknown}
 h - 5 potions of magic {unknown}
 k - 4 potions of haste
 l - a potion of berserk rage {unknown}
 r - a potion of brilliance {unknown}
 s - a potion of heal wounds {unknown}
 u - a potion of lignification {unknown}
 x - 4 potions of mutation {unknown}
 I - a potion of might {unknown}
Comestibles
 d - 10 rations
 N - a chunk of flesh


   Skills:
 + Level 3.9 Fighting
 - Level 3.1 Armour
 - Level 3.0 Dodging
 - Level 3.0 Stealth
 * Level 12.5 Spellcasting
 + Level 7.2 Conjurations
 - Level 1.1 Summonings
 - Level 1.1 Translocations
 + Level 6.4 Fire Magic
 - Level 1.1 Air Magic
 - Level 1.0 Poison Magic


You had 21 spell levels left.
You knew the following spells:

 Your Spells              Type           Power        Failure   Level  Hunger
a - Magic Dart            Conj           ####         1%          1    None
b - Mephitic Cloud        Conj/Pois/Air  ####....     2%          3    None
c - Call Imp              Summ           ###.....     3%          2    None
d - Blink                 Tloc           N/A          3%          2    None
e - Conjure Flame         Conj/Fire      ######..     1%          3    None
f - Foxfire               Conj/Fire      ####         1%          1    None
g - Shock                 Conj/Air       ####         1%          1    None

Your spell library contained the following spells:

 Spells                   Type           Power        Failure   Level  Hunger
 Static Discharge         Conj/Air       #####...     1%          3    None
 Slow                     Hex            ###.....     4%          2    None


Dungeon Overview and Level Annotations

Branches:
Dungeon (7/15)             Temple (1/1) D:4

Altars:
Ashenzari
Cheibriados
Gozag
Hepliaklqana
Kikubaaqudgha
Makhleb
Okawaru
Qazlal
Ru
Sif Muna
Uskayaw
Vehumet
Wu Jian
Xom
Yredelemnul
Zin
The Shining One

Shops:
D:5 }   D:6 (

Annotations:
D:7 Harold


Message History

Confirm with . or Enter, or press ? or * to list all spells.
You miscast Blink.
You are very lightly contaminated with residual magic.
Nothing appears to happen.
Harold is engulfed in noxious fumes.
Harold says, "Try to look on the bright side.
Your death will help put my children through school."
Harold fires a harpoon shot at you. The harpoon shot hits you!!
You are yanked forward by the harpoon shot.
Casting: Blink (safe; 3% risk of failure)
Confirm with . or Enter, or press ? or * to list all spells.
You miscast Blink.
Nothing appears to happen.
You are engulfed in noxious fumes.
You choke on the stench!
You are confused.
Harold is engulfed in noxious fumes.
Harold hits you with a +0 dire flail of protection!
* * * LOW HITPOINT WARNING * * *
Unknown command.
Harold is engulfed in noxious fumes.
Harold hits you with a +0 dire flail of protection!
You die...

............#...## ###.
##(.....###.# ...
#.........#.#
#.#####....†..#.#.#
###....(.....>.....####
........#.##.####......
# .##.###(#.##.#
#...####
....##.###○#.##.#
#.#.....
#.....<.@@#.##.#
#...####
#.###....>.....# #####
## #########.
#####.#.#### ##.
.........# #.#.# #..
÷.#######. #.# # #..
#.#### ... #.. .....#
#.# ##. #.##.# #.# ##
.#.#.# #.. #


You could see Harold.

Vanquished Creatures
  An unseen horror (D:6)
  Maggie (D:6)
  Grinder (D:6)
  A hippogriff (D:7)
  Edmund (D:4)
  Duvessa (D:6)
  4 ice beasts
  2 phantoms (D:4)
  3 centaurs
  2 big kobolds (D:7)
  4 bullfrogs
  Dowan (D:6)
  3 scorpions
  3 killer bees (D:7)
  4 wights (D:6)
  2 crimson imps
  A centaur skeleton (D:3)
  2 jellies (D:6)
  2 orc priests
  6 hounds
  4 orc wizards
  Crazy Yiuf (D:2)
  4 bullfrog skeletons
  3 iguanas
  Jessica (D:2)
  7 worker ants
  2 hound skeletons
  Robin (D:2)
  6 gnolls
  7 adders
  A shadow imp (D:3)
  2 oozes
  An adder zombie (D:6)
  5 worms
  3 dart slugs
  5 leopard geckos
  17 orcs
  5 giant cockroaches
  17 goblins
  8 hobgoblins
  6 jackals
  2 quokkas (D:4)
  2 ball pythons
  9 bats
  9 frilled lizards
  23 kobolds
  A leopard gecko skeleton (D:4)
  9 rats
206 creatures vanquished.

Vanquished Creatures (collateral kills)
  A killer bee (D:7)
  An orc (D:5)
2 creatures vanquished.

Vanquished Creatures (others)
  120 foxfires
120 creatures vanquished.

Grand Total: 328 creatures vanquished

Notes
Turn   | Place    | Note
-------+----------+-------------------------------------------
     0 | D:1      | pokeman the Deep Elf Wizard began the quest for the Orb.
     0 | D:1      | Reached XP level 1. HP: 10/10 MP: 7/7
   236 | D:1      | Reached XP level 2. HP: 15/15 MP: 7/9
   569 | D:1      | Reached skill level 5 in Spellcasting
   989 | D:2      | Reached XP level 3. HP: 20/20 MP: 7/11
   994 | D:2      | Learned a level 3 spell: Mephitic Cloud
   997 | D:2      | Learned a level 2 spell: Call Imp
  1000 | D:2      | Learned a level 2 spell: Blink
  1004 | D:2      | Learned a level 3 spell: Conjure Flame
  1272 | D:2      | Noticed Jessica
  1286 | D:2      | Killed Jessica
  1286 | D:2      | Reached skill level 1 in Fighting
  1286 | D:2      | Reached skill level 1 in Armour
  1415 | D:2      | Found a burning altar of Makhleb.
  1421 | D:2      | Reached XP level 4. HP: 25/25 MP: 7/13
  1807 | D:2      | Noticed Robin
  2059 | D:2      | Killed Robin
  2360 | D:2      | Found a runed translucent door.
  2361 | D:2      | Noticed Crazy Yiuf
  2579 | D:2      | Killed Crazy Yiuf
  2579 | D:2      | Reached skill level 6 in Spellcasting
  2579 | D:2      | Reached skill level 1 in Fire Magic
  2579 | D:2      | Reached XP level 5. HP: 29/29 MP: 2/15
  3063 | D:3      | Noticed a centaur
  3073 | D:3      | Killed a centaur
  3073 | D:3      | Reached skill level 1 in Air Magic
  3073 | D:3      | Reached skill level 1 in Poison Magic
  3080 | D:3      | HP: 1/29 [rat (1)]
  3489 | D:3      | Reached XP level 6. HP: 15/34 MP: 9/17
  3765 | D:3      | Found a shattered altar of Ashenzari.
  3836 | D:3      | Reached skill level 7 in Spellcasting
  4567 | D:4      | Found a shimmering altar of Xom.
  4590 | D:4      | Noticed Edmund
  4603 | D:4      | Killed Edmund
  4603 | D:4      | Reached XP level 7. HP: 33/40 MP: 14/20
  4641 | D:4      | Reached skill level 8 in Spellcasting
  4794 | D:4      | Found a staircase to the Ecumenical Temple.
  4857 | Temple   | Entered the Ecumenical Temple
  4918 | Temple   | Became a worshipper of Vehumet
  5446 | D:5      | Entered Level 5 of the Dungeon
  5928 | D:5      | Reached XP level 8. HP: 42/44 MP: 19/22
  5993 | D:5      | Reached skill level 9 in Spellcasting
  6322 | D:5      | Found Juror's Gadget Boutique.
  6368 | D:5      | Reached skill level 5 in Conjurations
  6616 | D:6      | Reached * piety under Vehumet
  6616 | D:6      | Offered knowledge of Foxfire by Vehumet.
  6620 | D:6      | Learned a level 1 spell: Foxfire
  6656 | D:6      | Reached skill level 10 in Spellcasting
  6915 | D:6      | Found Las Fel's Antique Weapon Shop.
  7149 | D:6      | Noticed Grinder
  7167 | D:6      | Killed Grinder
  7387 | D:6      | Reached XP level 9. HP: 48/48 MP: 10/25
  7567 | D:6      | Noticed Maggie
  7597 | D:6      | Killed Maggie
  7597 | D:6      | Reached skill level 5 in Fire Magic
  7669 | D:6      | Reached skill level 11 in Spellcasting
  7900 | D:6      | Noticed Duvessa
  7904 | D:6      | Noticed Dowan
  7922 | D:6      | Killed Dowan
  7927 | D:6      | Killed Duvessa
  8371 | D:6      | Killed an unseen horror
  9221 | D:7      | Reached skill level 12 in Spellcasting
  9265 | D:7      | Offered knowledge of Shock by Vehumet.
  9309 | D:7      | Learned a level 1 spell: Shock
  9324 | D:7      | Reached ** piety under Vehumet
  9573 | D:7      | Reached XP level 10. HP: 56/56 MP: 23/28
  9838 | D:7      | Noticed Harold
  9840 | D:7      | Offered knowledge of Static Discharge by Vehumet.
  9855 | D:7      | Slain by Harold

Illustrated notes

Levels and vault maps discovered:
D:1:      lemuel_arrival_tunnels, layout_basic
D:2:      layout_basic, nicolae_overflow_crystal_walls, st_stairs_1, uniq_robin,
          uniq_jessica, uniq_crazy_yiuf_cottage
D:3:      minmay_bubble_buster, layout_loops_ring, evilmike_ruin_ashenzari,
          first_ration
D:4:      layout_loops_ring, xom_teletrap_fun, minmay_temple_entry_trees,
          uniq_edmund
D:5:      layout_basic, serial_shops, shop
D:6:      minmay_opposing_rooms, layout_basic, serial_shops,
          nicolae_shop_overgrown_old_shop, roderic_lattice_a, uniq_duvessa,
          uniq_grinder, uniq_maggie
D:7:      layout_loops_ring, overflow_temple_1_default, uniq_harold
Temple:   eino_temple_water

Skill      XL: |  1  2  3  4  5  6  7  8  9 |
---------------+----------------------------+-----
Spellcasting   | 5 6 7 8 10 12 | 12.5
Fighting       | 1 2 3 |  3.9
Armour         | 1 3 |  3.1
Conjurations   | 2 3 4 5 7 |  7.2
Fire Magic     | 1 2 3 4 6 |  6.4
Dodging        | 3 |  3.0
Air Magic      | 1 |  1.1
Poison Magic   | 1 |  1.0
Stealth        | 3 |  3.0
Summonings     | |  1.1
Translocations | |  1.1

Action                   |  1- 3 |  4- 6 |  7- 9 | 10-12 || total
-------------------------+-------+-------+-------+-------++-------
Melee: Spear             |       |     6 |       |       ||     6
       Unarmed           |       |     3 |       |       ||     3
       Dagger            |       |    29 |    80 |    13 ||   122
 Cast: Magic Dart        |    78 |   174 |   182 |     1 ||   435
       Mephitic Cloud    |       |     9 |    24 |     5 ||    38
       Conjure Flame     |       |     5 |    22 |       ||    27
       Foxfire           |       |       |    62 |    10 ||    72
       Call Imp          |       |       |     4 |       ||     4
       Shock             |       |       |       |    10 ||    10
       Blink             |       |       |       |     2 ||     2
 Stab: Confused          |       |     3 |     8 |     1 ||    12
  Eat: Chunk             |     1 |     9 |    16 |     1 ||    27
Armor: Robe              |     5 |     4 |       |       ||     9
       Leather armour    |       |     7 |    13 |       ||    20
       Steam dragon scal |       |       |    18 |     5 ||    23
Dodge: Dodged            |    13 |    36 |    74 |    14 ||   137
